Match 38349349
Unlisted

Match 38349349
End
Selects Italian Infantry
Panzergrenadier Squad
Panzergrenadier Squad
250 Light Carrier
Construct Light Support Kompanie
2.5-tonne Medical Truck
Fire Support Elements
Veteran Squad Leaders
Selects Guastatori Squad
Selects L6/40 Light Tank Combat Group
Guastatori Squad
L6/40 Light Tank Combat Group
Selects Towed Cannone da 105/28 Field Howitzer
Guastatori Squad
Panzerjäger Mechanized Group
Selects Defensive Operations
Construct Panzerarmee Kommand
Armored Reserves
Selects Prepared Positions
Pak 38 Anti-tank Gun Team
Guastatori Squad
StuG Assault Group
Vehicle Survival Package
2.5-tonne Medical Truck
Selects Propaganda War
Propaganda War
Rummel
PattonsFinest
sharpshooter
WeakTendon
0
0

Comments sign in to comment!

No comments posted yet!